 Dungeon Crawl Stone Soup version 0.21-a0-504-g2eda330 (webtiles) character file.

2368 Fondut the Magician (level 9, -4/69 HPs)
             Began as a Gnoll Skald on Nov 25, 2017.
             Slain by an orc warrior
             ... wielding a +0 scimitar
              (13 damage)
             ... on level 6 of the Dungeon.
             The game lasted 00:27:57 (7652 turns).

Fondut the Magician (Gnoll Skald)                   Turns: 7652, Time: 00:27:58

Health: -4/69      AC:  6    Str: 14    XL:     9   Next: 44%
Magic:  10/18      EV: 15    Int: 24    God:
Gold:   587        SH:  0    Dex: 14    Spells: 12/21 levels left

rFire    . . .     SeeInvis .   a - +0 spear
rCold    . . .     Gourm    .   (no shield)
rNeg     + . .     Faith    .   y - +0 leather armour {rN+}
rPois    .         Spirit   .   c - +0 helmet
rElec    .         Reflect  .   A - +0 cloak
rCorr    .         Harm     .   (no gloves)
MR       .....                  (no boots)
Stlth    ++........             (no amulet)
HPRegen  0.21/turn              t - +5 ring of intelligence
MPRegen  0.16/turn              (no ring)

@: no status effects
A: distributed training, fangs 1, strong nose
a: no special abilities


You were on level 6 of the Dungeon.
You were not hungry.

You visited 1 branch of the dungeon, and saw 7 of its levels.
You also visited: Sewer.

You collected 587 gold pieces.

Inventory:

Hand Weapons
 a - a +0 spear (weapon)
 b - a +0 hunting sling
Missiles
 m - 130 stones (quivered)
 s - 11 sling bullets
Armour
 c - a +0 helmet (worn)
 n - a +0 scale mail
 y - a +0 leather armour of positive energy (worn)
 A - a +0 cloak (worn)
 B - a +0 ring mail
Jewellery
 t - a +5 ring of intelligence (left hand)
Wands
 E - a wand of random effects (15)
Scrolls
 e - 2 scrolls of magic mapping
 h - a scroll of amnesia {unknown}
 i - 5 scrolls of remove curse {unknown}
 k - 5 scrolls of enchant armour {unknown}
 u - 2 scrolls of identify
 w - 2 scrolls of teleportation {unknown}
 z - a scroll of immolation {unknown}
 F - 3 scrolls of fear {unknown}
Potions
 d - 2 potions of mutation {unknown}
 g - a potion of lignification {unknown}
 j - 3 potions of degeneration {unknown}
 p - 3 potions of brilliance {unknown}
 q - 2 potions of heal wounds {unknown}
 r - 3 potions of flight {unknown}
 v - 5 potions of curing
 C - a potion of might {unknown}
 D - a potion of berserk rage {unknown}
Books
 G - a book of Flames

   Spells                             Type                      Level
   a - Flame Tongue                   Conjuration/Fire             1
   b - Throw Flame                    Conjuration/Fire             2
   c - Conjure Flame                  Conjuration/Fire             3
   d - Inner Flame                    Hexes/Fire                   3
   e - Sticky Flame                   Conjuration/Fire             4
   f - Fireball                       Conjuration/Fire             5
Comestibles
 f - 12 fruits
 l - 3 meat rations
 o - 2 chunks of flesh
 x - a royal jelly


   Skills:
 + Level 6.2 Fighting
 + Level 4.1 Short Blades
 + Level 4.1 Long Blades
 + Level 4.1 Axes
 + Level 4.1 Maces & Flails
 + Level 6.2 Polearms
 + Level 4.1 Staves
 + Level 4.1 Slings
 + Level 4.1 Bows
 + Level 4.1 Crossbows
 + Level 4.1 Throwing
 + Level 5.0 Armour
 + Level 6.2 Dodging
 + Level 4.1 Stealth
 + Level 4.1 Shields
 + Level 4.1 Unarmed Combat
 + Level 6.6 Spellcasting
 + Level 3.4 Conjurations
 + Level 3.4 Hexes
 + Level 6.5 Charms
 + Level 3.4 Summonings
 + Level 3.4 Necromancy
 + Level 3.4 Translocations
 + Level 3.4 Transmutations
 + Level 3.4 Fire Magic
 + Level 3.4 Ice Magic
 + Level 3.4 Air Magic
 + Level 3.4 Earth Magic
 + Level 3.4 Poison Magic
 + Level 4.6 Invocations
 + Level 4.1 Evocations


You had 12 spell levels left.
You knew the following spells:

 Your Spells              Type           Power        Failure   Level  Hunger
a - Infusion              Chrm           ####         1%          1    None
b - Song of Slaying       Chrm           #####...     1%          2    None
c - Spectral Weapon       Hex/Chrm       ####....     3%          3    None
d - Regeneration          Chrm/Necr      ####......   3%          3    None


Dungeon Overview and Level Annotations

Branches:
Dungeon (7/15)             Temple (0/1) D:7

Altars:
Nemelex Xobeh
Qazlal
Xom
Yredelemnul


Innate Abilities, Weirdness & Mutations

Your experience applies equally to all skills.
You have very sharp teeth.
Your uncanny sense of smell can sniff out nearby items.


Message History

You barely miss the orc warrior.
The orc warrior is almost dead.
Your spectral weapon hits the orc warrior but does no damage.
You hit the orc warrior.
You bite the orc warrior, but do no damage.
The orc warrior is almost dead.
Your spectral weapon hits the orc warrior but does no damage.
The orc warrior completely misses you.
You hit the orc warrior.
The orc warrior is almost dead.
Your spectral weapon hits the orc warrior but does no damage.
The orc warrior closely misses you.
You hit the orc warrior but do no damage.
The orc warrior is almost dead.
Your spectral weapon closely misses the orc warrior.
You hit the orc warrior but do no damage.
The orc warrior is almost dead.
Your spectral weapon hits the orc warrior but does no damage.
The orc warrior hits you with a scimitar!
You die...

.......######.....#.......##.....
######..............[.....####.##
...................>.............
#####....#.......##.......###.##[
#....#.......##.......###....
#.....[).....##.#'###...).###
#####...#........##.#.# #.#####
...........#####(##.#.###.####
####.....#.## #@##.#........##
#.....#..# #o##.#####.....#
#.....##.# #[##.#....#....###
#.....##.# #.##.#.##.#.##....
#.....##.# #.##.#.#..#.##..##
#.....##.# #.##.#<...#.....##
########.# #.##.#.####.....#. #.#
#[##.#......#...#. #.#
#.##.########.....


You could see an orc warrior and a friendly spectral spear.

Vanquished Creatures
  The ghost of Vomitron the Poker, a novice TeMo (D:4)
  2 water moccasins (D:6)
  Purgy (Sewer)
  An orc warrior (D:6)
  2 sky beasts (D:5)
  An ice beast (D:5)
  A centaur (D:6)
  2 bullfrogs
  A wyvern skeleton (D:6)
  A scorpion (D:7)
  9 wights (D:6)
  A howler monkey (D:6)
  4 crimson imps (D:3)
  A centaur zombie (D:7)
  5 orc priests
  Crazy Yiuf (D:3)
  A hound (D:4)
  An iguana (D:4)
  3 orc wizards
  Terence (D:4)
  A worker ant zombie (D:6)
  4 adders
  A shadow imp (D:6)
  2 oozes
  5 worms
  10 dart slugs (D:3)
  4 leopard geckos
  14 orcs
  17 bats
  6 giant cockroaches
  7 goblins
  4 hobgoblins
  14 jackals
  5 quokkas
  A ball python (D:3)
  4 frilled lizards
  9 kobolds
  A leopard gecko skeleton (D:5)
  A leopard gecko zombie (D:5)
  5 rats
155 creatures vanquished.

Vanquished Creatures (others)
  9 spectral weapons
9 creatures vanquished.

Grand Total: 164 creatures vanquished

Notes
Turn   | Place    | Note
-------+----------+-------------------------------------------
     0 | D:1      | Fondut the Gnoll Skald began the quest for the Orb.
     0 | D:1      | Reached XP level 1. HP: 20/20 MP: 6/6
     2 | D:1      | Noticed a vine stalker
     4 | D:1      | Noticed an octopode
     6 | D:1      | Noticed a ghoul
     6 | D:1      | Noticed a naga
     8 | D:1      | Noticed a merfolk
    10 | D:1      | Noticed a vampire
    10 | D:1      | Noticed a spriggan
    12 | D:1      | Noticed a tengu
    14 | D:1      | Noticed a dwarf
    14 | D:1      | Noticed a formicid
    16 | D:1      | Noticed an elf
    16 | D:1      | Noticed a felid
    18 | D:1      | Noticed a minotaur
    18 | D:1      | Noticed an ogre
    20 | D:1      | Noticed a halfling
    20 | D:1      | Noticed a demonspawn
    22 | D:1      | Noticed a troll
    22 | D:1      | Noticed a centaur
    24 | D:1      | Noticed a human
    24 | D:1      | Noticed a demigod
    26 | D:1      | Noticed a draconian
    26 | D:1      | Noticed a gargoyle
   101 | D:1      | Reached XP level 2. HP: 16/26 MP: 3/7
   943 | D:1      | Reached XP level 3. HP: 30/31 MP: 9/9
   951 | D:1      | Learned a level 2 spell: Song of Slaying
   955 | D:1      | Learned a level 3 spell: Spectral Weapon
   959 | D:1      | Learned a level 3 spell: Regeneration
   967 | D:2      | Reached skill level 5 in Spellcasting
  1060 | D:2      | Reached skill level 1 in Invocations
  1294 | D:2      | Reached skill level 1 in Short Blades
  1294 | D:2      | Reached skill level 1 in Long Blades
  1294 | D:2      | Reached skill level 1 in Axes
  1294 | D:2      | Reached skill level 1 in Maces & Flails
  1294 | D:2      | Reached skill level 1 in Staves
  1294 | D:2      | Reached skill level 1 in Slings
  1294 | D:2      | Reached skill level 1 in Bows
  1294 | D:2      | Reached skill level 1 in Crossbows
  1294 | D:2      | Reached skill level 1 in Throwing
  1294 | D:2      | Reached skill level 1 in Stealth
  1294 | D:2      | Reached skill level 1 in Shields
  1294 | D:2      | Reached skill level 1 in Unarmed Combat
  1294 | D:2      | Reached skill level 1 in Evocations
  1326 | D:2      | Reached XP level 4. HP: 37/38 MP: 11/11
  1784 | D:3      | Noticed Terence
  2042 | D:3      | Reached skill level 1 in Conjurations
  2042 | D:3      | Reached skill level 1 in Hexes
  2042 | D:3      | Reached skill level 1 in Summonings
  2042 | D:3      | Reached skill level 1 in Necromancy
  2042 | D:3      | Reached skill level 1 in Translocations
  2042 | D:3      | Reached skill level 1 in Transmutations
  2042 | D:3      | Reached skill level 1 in Fire Magic
  2042 | D:3      | Reached skill level 1 in Ice Magic
  2042 | D:3      | Reached skill level 1 in Air Magic
  2042 | D:3      | Reached skill level 1 in Earth Magic
  2042 | D:3      | Reached skill level 1 in Poison Magic
  2217 | D:3      | Found a shimmering altar of Xom.
  2228 | D:3      | Reached XP level 5. HP: 43/43 MP: 12/12
  2323 | D:3      | Reached XP level 6. HP: 44/50 MP: 8/13
  2510 | D:3      | Reached skill level 5 in Fighting
  2510 | D:3      | Reached skill level 5 in Polearms
  2510 | D:3      | Reached skill level 5 in Dodging
  2965 | D:3      | Found a faded altar of an unknown god.
  3240 | D:3      | Found a runed door.
  3247 | D:3      | Noticed Crazy Yiuf
  3258 | D:3      | Killed Crazy Yiuf
  3411 | D:4      | Reached XP level 7. HP: 47/56 MP: 15/15
  3480 | D:4      | Killed Terence
  3755 | D:4      | Noticed Vomitron's ghost (novice TeMo)
  3789 | D:4      | Killed Vomitron's ghost
  4548 | D:5      | Entered Level 5 of the Dungeon
  4659 | D:5      | Reached XP level 8. HP: 24/63 MP: 7/16
  4727 | D:5      | Found a sparkling altar of Nemelex Xobeh.
  4822 | D:5      | Found a stormy altar of Qazlal.
  5004 | D:5      | Found a glowing drain.
  5054 | Sewer    | Entered a sewer
  5099 | Sewer    | Noticed Purgy
  5120 | Sewer    | Killed Purgy
  6149 | D:6      | Reached XP level 9. HP: 33/69 MP: 15/18
  6163 | D:6      | Found a basalt altar of Yredelemnul.
  7515 | D:7      | Reached skill level 5 in Armour
  7566 | D:7      | Found a staircase to the Ecumenical Temple.
  7652 | D:6      | Slain by an orc warrior

Vault maps used:
D:1:      kb_arrival_jail, serial_curves, eino_curves_02, eino_curves_04
D:3:      kennysheep_slugbush, chequers_ecumenical_altar_island, led_xom_imps,
          uniq_terence, uniq_crazy_yiuf_cottage
D:4:      first_bread, serial_co_window_serial, co_window_cross_1,
          co_window_paths_b, co_window_corner_a, co_window_corner_a,
          co_window_cross_1, co_window_paths_c, co_window_unsneaky_path_d,
          co_window_broadway_b, co_window_broadway_a, co_window_corner_b
D:5:      lemuel_doored_altar, nemelex_altar_shiori, portal_sewer_entry_a
D:6:      old_standard_altar
D:7:      temple_green
Sewer:    sewer_big_baddie

Skill      XL: |  1  2  3  4  5  6  7  8  9 |
---------------+----------------------------+-----
Spellcasting   | 5 6 |  6.6
Invocations    | 1 2 3 4 |  4.6
Short Blades   | 1 2 3 4 |  4.1
Long Blades    | 1 2 3 4 |  4.1
Axes           | 1 2 3 4 |  4.1
Maces & Flails | 1 2 3 4 |  4.1
Staves         | 1 2 3 4 |  4.1
Slings         | 1 2 3 4 |  4.1
Bows           | 1 2 3 4 |  4.1
Crossbows      | 1 2 3 4 |  4.1
Throwing       | 1 2 3 4 |  4.1
Stealth        | 1 2 3 4 |  4.1
Shields        | 1 2 3 4 |  4.1
Unarmed Combat | 1 2 3 4 |  4.1
Evocations     | 1 2 3 4 |  4.1
Conjurations   | 1 2 3 |  3.4
Hexes          | 1 2 3 |  3.4
Summonings     | 1 2 3 |  3.4
Necromancy     | 1 2 3 |  3.4
Translocations | 1 2 3 |  3.4
Transmutations | 1 2 3 |  3.4
Fire Magic     | 1 2 3 |  3.4
Ice Magic      | 1 2 3 |  3.4
Air Magic      | 1 2 3 |  3.4
Earth Magic    | 1 2 3 |  3.4
Poison Magic   | 1 2 3 |  3.4
Armour         | 3 4 5 |  5.0
Fighting       | 5 6 |  6.2
Polearms       | 5 6 |  6.2
Dodging        | 5 6 |  6.2
Charms         | 6 |  6.5

Action                   |  1- 3 |  4- 6 |  7- 9 || total
-------------------------+-------+-------+-------++-------
Melee: Spear             |   176 |   303 |   477 ||   956
       Bite              |    18 |    33 |    42 ||    93
       Punch             |       |     3 |     3 ||     6
 Fire: Hunting sling     |       |    14 |     1 ||    15
 Cast: Infusion          |     1 |       |       ||     1
       Song of Slaying   |     2 |     2 |     1 ||     5
       Spectral Weapon   |     1 |     4 |    30 ||    35
       Regeneration      |     1 |     1 |    12 ||    14
  Use: Scroll            |       |     1 |     5 ||     6
 Stab: Sleeping          |     2 |     2 |     4 ||     8
       Distracted        |     1 |       |     3 ||     4
  Eat: Chunk             |     2 |     7 |     8 ||    17
       Bread ration      |       |       |     2 ||     2
Armor: Leather armour    |    27 |    36 |    79 ||   142
Dodge: Dodged            |   120 |   130 |   269 ||   519

Table legend:
 A = Spawn XP
 B = Non-spawn XP
 C = Spawn XP percentage of total XP
 D = Spawn monster count
 E = Non-spawn monster count
 F = Spawn count percentage of total count
 G = Total turns spent on level
                    A         B        C        D         E        F      G
               +---------+---------+-------+---------+---------+-------+---------
         Total |       0 |    3384 |   0.0 |       0 |     155 |   0.0 |  7652
               +---------+---------+-------+---------+---------+-------+---------
           D:1 |       0 |      35 |   0.0 |       0 |      19 |   0.0 |  1084
           D:2 |       0 |      69 |   0.0 |       0 |      24 |   0.0 |   874
           D:3 |       0 |     484 |   0.0 |       0 |      46 |   0.0 |  1409
           D:4 |       0 |     489 |   0.0 |       0 |      12 |   0.0 |  1181
           D:5 |       0 |     437 |   0.0 |       0 |      13 |   0.0 |   983
           D:6 |       0 |    1379 |   0.0 |       0 |      25 |   0.0 |  1852
           D:7 |       0 |     344 |   0.0 |       0 |      10 |   0.0 |   154
         Sewer |       0 |     147 |   0.0 |       0 |       6 |   0.0 |   115
               +---------+---------+-------+---------+---------+-------+---------
